Map: Submarine LE

Players

Anarchy - Winner!

  • Race: Terran Terran
  • League: Gold
  • Spawn Location: 11:00

BUH

  • Race: Terran Terran
  • League: Platinum
  • Spawn Location: 5:00

VOD

Have the link to the VOD?

Description

Time

  • Played on: Oct. 25, 2020, 12:31 p.m.
  • Length: 23:39
Show
View Real Time Build Order
Export as new Build Order

Anarchy Terran - Winner!

Build Orders:  

Get SALT Encoding   

  12  0:02  SCV  
  13  0:14  SCV  
  14  0:24  Supply Depot  
  14  0:27  SCV  
  15  0:28  Refinery  
  15  0:46  SCV  
  16  0:51  Barracks  
  16  0:58  SCV  
  17  1:10  SCV  
  18  1:22  SCV  
  19  1:34  SCV  
  19  1:38  Barracks Tech Lab  
  20  1:48  Factory  
  20  1:51  Orbital Command  
  19  2:09  Refinery  
  19  2:16  Command Center  
  19  2:18  Marine  
  20  2:24  SCV  
  21  2:36  SCV  
  22  2:48  SCV  
  23  2:52  Barracks Reactor  
  23  2:57  Supply Depot  
  23  3:18  Siege Tank, SCV  
  27  3:30  SCV  
  28  3:43  SCV  
  28  4:08  Siege Tank  
  30  4:15  SCV  
  32  4:17  Orbital Command  
  31  4:31  SCV  
  31  4:38  Refinery  
  31  4:41  Refinery  
  31  4:43  SCV  
  32  4:45  Siege Tank  
  32  4:51  SCV  
  36  4:55  SCV  
  37  5:03  SCV  
  38  5:11  SCV  
  39  5:15  SCV  
  39  5:17  Engineering Bay  
  39  5:20  Supply Depot  
  40  5:23  SCV  
  40  5:27  SCV  
  42  5:36  SCV  
  42  5:39  SCV  
  44  5:48  SCV  
  44  5:51  SCV  
  44  5:56  Refinery  
  45  6:03  SCV x2  
  47  6:14  Supply Depot x2  
  47  6:15  Siege Tank, SCV  
  47  6:16  Supply Depot, SCV  
  47  6:17  Supply Depot  
  52  6:19  Factory  
  52  6:27  SCV  
  52  6:28  SCV  
  54  6:35  Neosteel Armor, Command Center  
  54  6:43  Armory, SCV  
  54  6:44  SCV  
  56  6:49  Cyclone  
  56  6:52  Missile Turret  
  59  6:56  SCV x2  
  59  6:58  Missile Turret  
  61  7:05  Supply Depot  
  61  7:08  SCV x2  
  63  7:17  Hellion x2  
  63  7:20  SCV x2  
  69  7:32  SCV x2  
  71  7:38  Thor  
  71  7:40  Hellbat x2  
  81  7:53  SCV  
  81  7:54  SCV  
  82  8:05  SCV  
  82  8:06  SCV  
  82  8:07  Hellbat x2  
  82  8:11  Orbital Command  
  88  8:18  SCV x2  
  90  8:21  Thor  
  96  8:28  Hellbat x2  
  96  8:30  SCV x2  
  102  8:47  SCV x2  
  102  8:48  SCV  
  105  8:51  Hellbat x2  
  105  8:54  Refinery  
  109  8:57  Missile Turret  
  109  8:58  Refinery, Sensor Tower  
  109  8:59  Supply Depot  
  109  9:01  Supply Depot  
  109  9:03  Terran Vehicle And Ship Armor Level 1  
  109  9:15  Armory  
  109  9:21  Thor, SCV x2  
  109  9:23  Hellbat x2, SCV  
  122  9:33  SCV x2  
  122  9:35  SCV  
  125  10:09  Supply Depot x2  
  125  10:10  Supply Depot x2  
  125  10:12  Supply Depot  
  125  10:18  Command Center  
  125  10:23  Factory  
  125  10:24  Factory x2  
  125  10:25  Factory  
  125  10:27  Factory  
  125  10:30  Thor  
  125  10:31  SCV x3  
  125  10:33  Factory  
  134  10:40  Factory  
  134  10:46  Hellbat  
  134  10:47  Hellbat  
  134  10:49  SCV x3  
  141  10:54  Terran Vehicle Weapons Level 1  
  141  11:01  SCV x2  
  141  11:02  SCV  
  144  11:07  Supply Depot  
  144  11:08  Hellbat x2  
  144  11:10  Supply Depot  
  148  11:13  Supply Depot, Thor  
  148  11:14  Supply Depot, SCV x2  
  148  11:15  SCV  
  148  11:17  Supply Depot, Terran Vehicle And Ship Armor Level 2  
  154  11:27  Factory Tech Lab x5  
  154  11:28  Factory Tech Lab  
  154  11:37  SCV x3  
  157  11:51  Thor x3  
  179  11:54  Hellbat x2  
  179  11:56  Thor  
  185  12:57  SCV  
  185  12:58  SCV x2  
  185  13:10  SCV x3  
  188  13:13  Thor  
  188  13:14  Thor  
  188  13:17  Terran Vehicle Weapons Level 2  
  200  13:21  Command Center  
  200  13:32  Factory  
  200  13:40  Terran Vehicle And Ship Armor Level 3  
  200  14:07  Thor x6  
  198  14:36  Command Center  
  104  15:07  Thor x5  
  104  15:08  Thor  
  104  15:09  Thor  
  104  15:11  Hellbat x2  
  150  15:33  Hellbat x2  
  128  15:50  Thor x5  
  128  15:51  Thor  
  128  15:55  SCV x2  
  161  16:03  Thor  
  166  16:05  Hellbat x2  
  170  16:26  Factory  
  170  16:27  Factory  
  170  16:30  Factory  
  170  16:31  Factory  
  170  16:32  Thor  
  170  16:38  Factory  
  176  16:40  Planetary Fortress  
  176  16:42  SCV  
  176  16:43  SCV  
  176  16:44  Thor  
  176  16:45  Thor x2  
  196  16:47  Hellbat  
  198  17:05  Planetary Fortress  
  198  17:09  Refinery  
  198  17:13  Refinery  
  198  17:49  Factory Tech Lab  
  198  17:50  Factory Tech Lab x3  
  198  18:42  Refinery  
  198  18:43  Missile Turret  
  198  18:46  Command Center, Refinery  
  198  18:47  Missile Turret, Sensor Tower  
  198  18:52  Infernal Pre-Igniter, Mag-Field Accelerator  
  198  18:53  Smart Servos  
  198  18:55  Drilling Claws  
  154  20:32  Thor x5  
  154  20:33  Thor x2  
  179  21:14  Siege Tank  
  179  21:15  Siege Tank x2  
  179  21:16  Siege Tank x2  
  185  21:33  Thor  
  191  21:42  Refinery  
  191  22:15  Sensor Tower  
Show
View Real Time Build Order
Export as new Build Order

BUH Terran 

Build Orders:  

Get SALT Encoding   

  12  0:14  Refinery  
  12  0:18  Refinery  
  12  0:31  Engineering Bay  
  13  0:35  SCV  
  13  1:35  Command Center  
  13  1:52  Supply Depot  
  13  2:20  Barracks  
  13  2:26  SCV  
  14  2:38  SCV  
  15  3:10  Planetary Fortress  
  15  3:26  Orbital Command  
  15  3:30  Neosteel Armor  
  14  3:56  SCV  
  15  4:08  SCV  
  16  4:21  Command Center  
  16  4:40  SCV  
  16  4:45  SCV  
  18  4:52  SCV  
  18  4:57  SCV  
  20  5:01  Refinery  
  20  5:05  SCV  
  21  5:17  SCV  
  22  5:29  SCV  
  23  5:41  SCV  
  21  5:53  SCV  
  22  6:02  Barracks Reactor  
  22  6:03  Barracks  
  22  6:05  SCV  
  22  6:09  Supply Depot  
  22  6:14  SCV  
  23  6:26  SCV  
  24  6:33  Supply Depot  
  24  6:39  Marine  
  24  6:40  Marine  
  24  6:44  SCV  
  27  6:52  Barracks Tech Lab  
  27  6:55  Barracks, Terran Infantry Weapons Level 1  
  27  6:56  SCV  
  27  6:57  Marine  
  29  7:08  SCV  
  30  7:13  Marine  
  31  7:16  Stimpack  
  31  7:20  SCV  
  32  7:30  Marine  
  32  7:32  SCV  
  34  7:37  Marine x2  
  34  7:43  Barracks Reactor  
  36  7:44  SCV  
  36  7:48  Marine  
  36  7:49  Barracks, Command Center  
  37  7:55  Marine x2  
  37  7:56  SCV  
  40  8:06  Marine  
  40  8:08  SCV  
  40  8:11  Barracks  
  42  8:12  Marine  
  42  8:13  Marine  
  43  8:22  SCV  
  43  8:24  Marine  
  45  8:30  Marine  
  45  8:31  Marine x2  
  45  8:32  Marine  
  49  8:34  SCV  
  49  8:39  Barracks Reactor  
  50  8:46  SCV  
  51  8:49  Marine x2  
  53  8:59  Barracks  
  53  9:00  Marine  
  53  9:01  SCV  
  55  9:03  Barracks Reactor  
  55  9:07  Marine x2  
  55  9:09  Supply Depot  
  57  9:13  SCV  
  57  9:14  Combat Shield  
  58  9:22  SCV  
  59  9:30  Command Center  
  59  9:33  Supply Depot  
  59  9:35  Marine x2, SCV  
  59  9:36  Marine x2  
  64  9:39  Marine x3  
  67  9:46  Terran Infantry Armor Level 1  
  67  9:47  SCV  
  68  9:53  Factory, Barracks Reactor  
  68  9:56  Supply Depot  
  68  9:59  SCV  
  69  10:02  SCV  
  70  10:11  SCV  
  70  10:12  Supply Depot  
  71  10:14  Marine x5  
  71  10:15  SCV  
  71  10:20  Supply Depot  
  77  10:22  Marine x2  
  77  10:23  SCV  
  77  10:27  SCV  
  81  10:32  Marine x3  
  81  10:35  Supply Depot, SCV  
  85  10:39  SCV  
  86  10:44  Supply Depot  
  86  10:49  Armory, Marine  
  86  10:50  Marine x6  
  86  10:51  SCV, Marine x2  
  86  10:57  Planetary Fortress  
  96  10:59  Planetary Fortress  
  96  11:07  Marine  
  97  11:13  Marine x4  
  97  11:14  Marine x4  
  104  11:24  Command Center  
  104  11:25  Marine  
  105  11:37  SCV  
  106  11:41  Terran Infantry Weapons Level 2  
  106  11:45  Marine x6  
  106  11:46  Marine x2  
  114  11:49  SCV  
  115  11:59  Marine x3  
  118  12:01  SCV  
  118  12:03  Marine x7  
  118  12:04  Marine  
  127  12:10  Supply Depot  
  127  12:13  SCV  
  128  12:17  Marine x3  
  128  12:20  Marine  
  128  12:21  Marine x3  
  135  12:25  SCV  
  136  12:31  Barracks  
  136  12:33  Supply Depot  
  136  12:37  SCV  
  136  12:40  Marine x6  
  136  12:41  Marine x2  
  136  12:42  Marine  
  146  12:49  SCV  
  147  12:58  Marine x8  
  150  13:00  Marine  
  150  13:02  SCV  
  157  13:14  Marine x2  
  157  13:15  Marine  
  157  13:16  Marine x7  
  157  13:18  Marine  
  168  13:21  Barracks  
  168  13:23  Planetary Fortress  
  168  13:32  Marine x2  
  168  13:33  Marine  
  171  13:45  Command Center, Barracks Reactor  
  171  13:54  Marine x8  
  171  13:55  Marine  
  180  14:00  Supply Depot  
  180  14:03  Terran Infantry Weapons Level 3  
  180  14:12  Marine x2  
  180  14:13  Engineering Bay  
  182  14:22  Supply Depot, Barracks Reactor  
  182  14:36  Marine  
  182  14:37  Marine x7  
  182  14:38  Marine  
  183  14:40  Barracks  
  121  14:45  Supply Depot  
  102  14:54  Marine x2  
  102  14:55  Marine  
  100  15:03  Marine x4  
  100  15:04  Marine x2  
  106  15:08  Terran Infantry Armor Level 2  
  106  15:09  Supply Depot  
  106  15:12  Marine x3  
  109  15:16  Planetary Fortress  
  109  15:19  SCV  
  109  15:21  SCV, Marine  
  112  15:29  Barracks  
  112  15:32  SCV  
  112  15:34  SCV  
  105  15:44  SCV  
  105  15:46  SCV  
  63  15:58  SCV  
  63  16:03  SCV  
  59  16:05  Marine x4  
  59  16:06  Marine x5  
  59  16:10  SCV  
  59  16:11  Barracks Reactor  
  69  16:15  SCV  
  69  16:17  Barracks  
  70  16:22  SCV  
  70  16:23  Command Center, Marine x5  
  70  16:24  Marine x4  
  80  16:27  SCV  
  81  16:34  SCV  
  81  16:39  SCV  
  83  16:40  Hi-Sec Auto Tracking  
  83  16:41  Marine x3  
  83  16:46  SCV  
  87  16:50  Marine x6  
  87  16:51  SCV, Marine x6  
  100  16:58  SCV  
  100  16:59  Marine x3  
  104  17:06  Barracks  
  104  17:07  Marine  
  104  17:08  Marine x6  
  107  17:09  Marine x5  
  107  17:10  SCV  
  115  17:16  Marine x2  
  115  17:17  Marine  
  115  17:22  SCV  
  119  17:25  Marine  
  119  17:26  Marine x5  
  125  17:33  Marine x6  
  125  17:34  Marine x3  
  134  17:43  Marine x3  
  134  17:44  Marine x3  
  137  17:50  Marine  
  137  17:51  Marine x5  
  128  17:52  Marine x3  
  128  17:55  Barracks  
  123  18:01  Marine x4  
  123  18:02  Marine  
  102  18:10  Widow Mine  
  104  18:15  Barracks Reactor  
  104  18:16  Barracks Reactor  
  104  18:18  Marine x3  
  104  18:19  Marine x7  
  113  18:20  Marine x5  
  119  18:27  Barracks Reactor  
  119  18:31  SCV  
  119  18:32  Widow Mine  
  122  18:36  Marine x2  
  122  18:37  Marine x6  
  122  18:38  Marine x3  
  122  18:39  Marauder  
  135  18:43  Barracks, SCV  
  136  18:53  Widow Mine  
  136  18:54  Marine x2  
  136  18:55  SCV, Marine x5  
  144  19:00  Marauder, Marine x3  
  144  19:01  Marine x4  
  155  19:07  SCV  
  152  19:15  Marine x7, Widow Mine  
  152  19:16  Marine x5  
  112  19:18  Marine x2  
  112  19:19  SCV, Marine  
  112  19:21  Marauder  
  110  19:31  Barracks  
  108  19:32  Marine  
  108  19:33  Marine x3  
  108  19:34  Barracks Reactor  
  108  19:36  Widow Mine, Barracks Reactor  
  108  19:38  Marine x5  
  115  19:39  Marine x3  
  115  19:43  Marauder  
  124  19:56  Marine x6  
  124  19:57  Marine x2  
  109  20:13  Marine  
  109  20:14  Marine x7  
  110  20:20  Marine x2  
  110  20:21  Marine x7  
  118  20:22  Marine x4  
  128  20:31  Marine x2  
  128  20:32  Marine x6  
  136  20:38  Marine x3  
  136  20:39  Marine x7  
  136  20:40  Marine x3  
  149  20:43  SCV  
  149  20:49  Marine x4  
  152  20:50  Marine  
  152  20:55  SCV  
  152  20:56  Marine x4  
  152  20:57  Marine x6  
  105  21:07  SCV  
  105  21:10  Marine x4  
  105  21:11  Marine  
  106  21:14  Marine x6  
  106  21:15  Marine x3  
  115  21:19  SCV  
  98  21:29  Marauder  
  98  21:31  SCV  
  72  21:37  Marine x3  
  72  21:38  Marine x5  
  67  21:50  Marauder  
  69  21:55  Marine x4  
  57  22:12  Marauder, Marine x4  
  57  22:13  Marine x3  
  44  22:33  Marauder  
Tags
 
Matchup
TvT
Race
Terran
Spawn Locations
Cross Positions
Add a new tag
Caveats
  • Supply blocks, unpowered buildings, or Contaminate may cause inaccurate times.
  • Supply counts are checked every 10 seconds.